 Yiufcrawl Soup (a DCSS fork) version 1.5.2b1-yiuf-19-g91104ff (webtiles) character file.

2196 Fisto the Poker (level 9, -7/69 HPs)
             Began as a Null Wanderer on Nov 11, 2017.
             Was an Elder of Zin.
             Mangled by Angani's ghost (8 damage)
             ... on level 9 of the Dungeon.
             The game lasted 00:42:03 (9514 turns).

Fisto the Poker (Null Wanderer)                     Turns: 9514, Time: 00:42:04

Health: -7/69      AC: 19    Str: 14    XL:     9   Next: 34%
Magic:  10/10      EV:  8    Int: 12    God:    Zin [****..]
Gold:   471        SH:  0    Dex: 13    Spells: 8/8 levels left

rFire    . . .     SeeInvis .   C - +1 glaive
rCold    . . .     Gourm    .   (shield currently unavailable)
rNeg     + . .     Faith    .   D - +0 plate armour
rPois    .         Spirit   .   v - +0 helmet
rElec    .         Reflect  .   d - +0 cloak
rCorr    .         Harm     .   q - +0 pair of gloves
MR       .....                  w - +1 pair of boots
Stlth    ..........             (no amulet)
Regen    0.3/turn               x - ring of positive energy
MPRegen  0.2/turn               b - +3 ring of evasion

@: lethally poisoned (-7 -> -8), hasted and slowed, drained
A: NULL
a: Recite, Vitalisation, Imprison, Donate Gold, Renounce Religion


You were on level 9 of the Dungeon.
You worshipped Zin.
Zin was greatly pleased with you.
You were full.

You visited 2 branches of the dungeon, and saw 10 of its levels.

You collected 523 gold pieces.
You donated 52 gold pieces to Zin.

Inventory:

Hand Weapons
 k - a +1 dagger of venom
 y - a +0 blowgun
 C - a +1 glaive (weapon)
Missiles
 z - 68 poisoned needles
Armour
 d - a +0 cloak (worn)
 q - a +0 pair of gloves (worn)
 v - a +0 helmet (worn)
 w - a +1 pair of boots (worn)
 D - a +0 plate armour (worn)
Jewellery
 b - a +3 ring of evasion (right hand)
 x - a ring of positive energy (left hand)
Wands
 m - a wand of flame (17/48)
 u - a wand of disintegration (15/24)
 H - a wand of enslavement (11/24)
Scrolls
 c - 2 scrolls of recharging
 e - a scroll of amnesia {unknown}
 h - 3 scrolls of identify
 j - 5 scrolls of remove curse
 o - a scroll of fear
 p - 2 scrolls of immolation
 s - a scroll of enchant weapon
 A - 2 scrolls of magic mapping
 E - a scroll of enchant armour
Potions
 n - 2 potions of curing
 r - 2 potions of brilliance
Miscellaneous
 B - a fan of gales
Comestibles
 f - 3 bread rations
 i - 4 meat rations
 l - 7 royal jellies
 t - 2 fruits


   Skills:
 + Level 6.0(5.4) Fighting
 + Level 0.4(4.2) Short Blades
 + Level 7.7(7.1) Polearms
 + Level 1.6(1.0) Throwing
 + Level 7.5(6.8) Armour
 + Level 3.0(2.4) Dodging
 + Level 2.6(2.0) Stealth
 + Level 2.0(1.5) Invocations


You had 8 spell levels left.
You didn't know any spells.

Dungeon Overview and Level Annotations

Branches:
Dungeon (9/15)             Temple (0/1) D:4            Lair (1/6) D:8
    Orc: D:9-12

Altars:
Dithmenos
Wu Jian
Zin

Annotations:
D:8 Gastronok
D:9 Angani's ghost, journeyman NLGl


Message History

Angani's ghost freezes you.
Angani's ghost prays.
Angani's ghost hits you!
* * * LOW HITPOINT WARNING * * *
You feel yourself speed up.
Your plate armour prevents you from hitting Angani's ghost.
You feel sick.
Angani's ghost hits you but does no damage.
You are electrocuted!
Zin protects you from harm!
You hit Angani's ghost.
Angani's ghost is lightly damaged.
Angani's ghost hits you!
* * * LOW HITPOINT WARNING * * *
You feel yourself slow down.
You closely miss Angani's ghost.
Angani's ghost is lightly damaged.
* * * LOW HITPOINT WARNING * * *
You feel sick. Angani's ghost hits you!
You die...

#.# . #.# . ..###########
#.# .. ...........<# #.#
.# ...........[######.# ..
.....(.))[..[......##'###.
..........................
........#####...@.<.......
........# #.##W#######..
........# #.#........#
........# #.#....<...#
........# #.#........#
........# #.#........#
#........# ##########


You could see Angani's ghost.

Vanquished Creatures
  A hippogriff (D:8)
  2 orc warriors (D:8)
  A phantom (D:7)
  2 ogres
  4 centaurs
  2 big kobolds
  2 bullfrogs (D:7)
  5 wights (D:9)
  A crimson imp (D:6)
  4 hounds
  A jelly (D:8)
  7 orc wizards
  An orc priest (D:7)
  4 iguanas
  Jessica (D:2)
  2 worker ants
  A hound skeleton (D:7)
  A howler monkey zombie (D:9)
  3 adders
  2 oozes
  4 worms (D:3)
  2 dart slugs
  6 leopard geckos
  24 orcs
  A ball python (D:1)
  7 bats
  4 giant cockroaches
  16 goblins
  12 hobgoblins
  4 jackals (D:1)
  4 quokkas
  5 frilled lizards
  15 kobolds
  5 rats
156 creatures vanquished.

Notes
Turn   | Place    | Note
-------+----------+-------------------------------------------
     0 | D:1      | Fisto the Null Wanderer began the quest for the Orb.
     0 | D:1      | Fisto set off with: a +2 spear, a potion of lignification, a scroll of teleportation, a +0 robe, a +0 dagger, a bread ration
     0 | D:1      | Reached XP level 1. HP: 19/19 MP: 1/1
    88 | D:1      | Reached XP level 2. HP: 24/25 MP: 2/2
   276 | D:1      | Reached XP level 3. HP: 30/31 MP: 3/3
   576 | D:1      | Reached skill level 1 in Polearms
   875 | D:2      | Found a shadowy altar of Dithmenos.
  1024 | D:2      | Found a glowing silver altar of Zin.
  1031 | D:2      | Reached XP level 4. HP: 38/38 MP: 4/4
  1049 | D:2      | Noticed Jessica
  1062 | D:2      | Killed Jessica
  1095 | D:2      | Became a worshipper of Zin the Law-Giver
  1211 | D:2      | Reached * piety under Zin
  1258 | D:2      | Reached skill level 1 in Dodging
  1414 | D:2      | Reached ** piety under Zin
  2474 | D:3      | Reached XP level 5. HP: 36/43 MP: 5/5
  3818 | D:4      | Reached XP level 6. HP: 37/50 MP: 6/6
  3935 | D:4      | Reached skill level 1 in Throwing
  4292 | D:4      | Reached *** piety under Zin
  4321 | D:4      | Found a staircase to the Ecumenical Temple.
  4570 | D:5      | Entered Level 5 of the Dungeon
  4728 | D:5      | Reached skill level 5 in Armour
  4902 | D:5      | Reached skill level 5 in Fighting
  5187 | D:5      | Reached XP level 7. HP: 48/56 MP: 7/7
  5436 | D:6      | Reached **** piety under Zin
  6668 | D:7      | Reached skill level 5 in Polearms
  6816 | D:7      | Noticed a hippogriff
  7025 | D:7      | Reached XP level 8. HP: 58/62 MP: 8/8
  7216 | D:7      | Reached skill level 1 in Invocations
  7780 | D:8      | Found a staircase to the Lair.
  7815 | D:8      | Found an ornate altar of the Wu Jian Council.
  7940 | Lair:1   | Entered Level 1 of the Lair of Beasts
  7973 | Lair:1   | Noticed a spiny frog
  8711 | D:8      | Reached XP level 9. HP: 69/69 MP: 10/10
  8720 | D:8      | Noticed Gastronok
  8978 | D:9      | Noticed Angani's ghost (journeyman NLGl)
  8982 | D:9      | Noticed a troll
  9512 | D:9      | Zin protects you from harm!
  9513 | D:9      | HP: 1/69 [Angani's ghost (10)]
  9514 | D:9      | Mangled by Angani's ghost

Skill      XL: |  1  2  3  4  5  6  7  8  9 |
---------------+----------------------------+-----
Polearms       | 1 2 3 4 5 6 7 |  7.7
Dodging        | 1 2 3 |  3.0
Stealth        | 2 |  2.6
Throwing       | 1 |  1.6
Armour         | 5 6 7 |  7.5
Fighting       | 5 6 |  6.0
Invocations    | 2 |  2.0
Short Blades   | |  0.4

Action                   |  1- 3 |  4- 6 |  7- 9 || total
-------------------------+-------+-------+-------++-------
Melee: Spear             |   131 |   294 |   270 ||   695
       Dagger            |       |    26 |       ||    26
       Glaive            |       |       |   115 ||   115
 Fire: Blowgun           |       |    13 |     7 ||    20
Invok: Recite            |       |     2 |     8 ||    10
       Vitalisation      |       |       |     1 ||     1
  Use: Scroll            |       |     9 |     6 ||    15
       Potion            |       |     7 |     5 ||    12
 Stab: Distracted        |       |     1 |       ||     1
       Sleeping          |       |     1 |       ||     1
       Invisible         |       |       |     1 ||     1
  Eat: Royal jelly       |     1 |       |       ||     1
       Fruit             |       |     3 |     3 ||     6
       Chunk             |       |     6 |     1 ||     7
       Meat ration       |       |       |     2 ||     2
       Bread ration      |       |       |     1 ||     1
Armor: Scale mail        |    93 |    57 |    94 ||   244
       Robe              |       |    17 |       ||    17
       Plate armour      |       |       |   118 ||   118
Dodge: Dodged            |    54 |   149 |   221 ||   424
